 Dungeon Crawl Stone Soup version 0.28-a0-863-g8cecda6153 (webtiles) character file.

Game seed: 10885378729036023270

1094 Rennog the Covered (level 8, -1/46 HPs)
             Began as a Gnoll Wanderer on Nov 19, 2021.
             Was a Priest of Cheibriados.
             Slain by a gnoll sergeant (11 damage)
             ... on level 6 of the Dungeon.
             The game lasted 00:19:25 (7693 turns).

Rennog the Covered (Gnoll Wanderer)                 Turns: 7693, Time: 00:19:26

Health: -1/46      AC: 14    Str: 21    XL:     8   Next: 31%
Magic:  14/14      EV: 14    Int: 24    God:    Cheibriados [***...]
Gold:   1066       SH:  0    Dex: 27    Spells: 13/15 levels left

rFire   x . .      SeeInvis .   t - +5 great mace "Grim Tooth" {protect, rF- Int+2 Dex+7}
rCold   . . .      Faith    .   (shield currently unavailable)
rNeg    + . .      Spirit   .   c - +0 robe
rPois   .          Reflect  .   (no helmet)
rElec   .          Harm     .   o - +0 cloak
rCorr   .          Rampage  .   (no gloves)
Will    .....                   (no boots)
Stlth   ++++......              (no amulet)
HPRegen 0.15/turn               l - +4 ring of protection
MPRegen 0.14/turn               m - ring of positive energy

@: under a protective aura, unable to read, very slow
A: fangs 1, strong nose, distributed training, frail 2, strong 1, inability to
read while threatened
a: Renounce Religion, Bend Time, Temporal Distortion


You were on level 6 of the Dungeon.
You worshipped Cheibriados.
Cheibriados was most pleased with you.
You visited 2 branches of the dungeon, and saw 7 of its levels.
You also visited: Sewer.

You collected 1422 gold pieces.
You spent 356 gold pieces at shops.

Inventory:

Hand Weapons
 a - a +2 dagger
 t - the +5 great mace "Grim Tooth" (weapon) {protect, rF- Int+2 Dex+7}
   (You bought it in a shop on level 3 of the Dungeon)

   It grants its wielder temporary protection when it strikes (+7 to AC).
   Int:       It affects your intelligence (+2).
   Dex:       It affects your dexterity (+7).
   rF:        It makes you vulnerable to fire.
Armour
 c - a +0 robe (worn)
 e - a +0 scale mail
 o - a +0 cloak (worn)
 r - the +10 plate armour of Veescho {Rampage rCorr Str-3}
   (You found it on level 4 of the Dungeon)

   Str:       It affects your strength (-3).
   rCorr:     It protects you from acid and corrosion.
   Rampage:   It bestows one free step when moving towards enemies.
   Cheibriados disapproves of the use of such an item.
Magical Staves
 j - a staff of death
Jewellery
 l - a +4 ring of protection (left hand)
 m - a ring of positive energy (right hand)
 x - a ring of willpower
Wands
 u - a wand of iceblast (11)
 y - a wand of acid (10)
Scrolls
 b - a scroll of blinking
 g - 2 scrolls of magic mapping {unknown}
 h - 2 scrolls of fear {unknown}
 n - 4 scrolls of identify {unknown}
 q - a scroll of immolation {unknown}
 v - 2 scrolls of amnesia {unknown}
 C - a scroll of silence {unknown}
Potions
 d - 2 potions of resistance {unknown}
 i - a potion of brilliance {unknown}
 k - a potion of degeneration {unknown}
 p - a potion of lignification {unknown}
 s - a potion of flight {unknown}
 w - 2 potions of might {unknown}
 z - a potion of attraction {unknown}
 A - 3 potions of haste {unknown}
 B - 2 potions of magic {unknown}
 D - a potion of cancellation {unknown}


   Skills:
 + Level 3.1 Fighting
 + Level 3.1 Short Blades
 + Level 3.1 Long Blades
 + Level 3.1 Axes
 + Level 3.1 Maces & Flails
 + Level 3.1 Polearms
 + Level 3.1 Staves
 + Level 3.1 Slings
 + Level 3.1 Bows
 + Level 3.1 Crossbows
 + Level 3.1 Throwing
 + Level 7.3 Armour
 + Level 3.1 Dodging
 + Level 5.3 Stealth
 + Level 3.1 Shields
 + Level 3.1 Unarmed Combat
 + Level 4.3 Spellcasting
 + Level 2.5 Conjurations
 + Level 4.6 Hexes
 + Level 2.5 Summonings
 + Level 2.5 Necromancy
 + Level 2.5 Translocations
 + Level 4.6 Transmutations
 + Level 2.5 Fire Magic
 + Level 2.5 Ice Magic
 + Level 2.5 Air Magic
 + Level 2.5 Earth Magic
 + Level 2.5 Poison Magic
 + Level 3.5 Invocations
 + Level 3.1 Evocations


You had 13 spell levels left.
You knew the following spells:

 Your Spells              Type           Power      Damage    Failure   Level
a - Sting                 Tmut/Pois      88%        1d7       2%          1
b - Slow                  Hex            100%       N/A       1%          1

Your spell library contained the following spells:

 Spells                   Type           Power      Damage    Failure   Level
 Apportation              Tloc           34%        N/A       3%          1
 Confusing Touch          Hex            27%        N/A       4%          3
 Spider Form              Tmut/Pois      22%        N/A       6%          3
 Teleport Other           Tloc           17%        N/A       10%         3
 Vampiric Draining        Necr           17%        2d7       10%         3


Dungeon Overview and Level Annotations

Branches:
Dungeon (6/15)             Temple (1/1) D:4           Sewer (visited)

Altars:
Cheibriados
Makhleb
Nemelex Xobeh
Sif Muna
Trog
Vehumet
Xom
Yredelemnul

Shops:
D:1 (   D:3 (

Annotations:
D:4 Sigmund


Innate Abilities, Weirdness & Mutations

You have very sharp teeth.
Your uncanny sense of smell can sniff out nearby items.
Your experience applies equally to all skills.
You are very frail. (-20% HP)
Your muscles are strong. (Str +2)
You sometimes lose the ability to read scrolls when taking damage.


Message History

You barely miss the gnoll. The jackal closely misses you.
The gnoll sergeant hits you but does no damage.
The gnoll hits you with a +0 flail. The gnoll hits you but does no damage.
The jackal closely misses you. The gnoll closely misses you.
The gnoll sergeant completely misses you.
The gnoll closely misses you. The gnoll hits you but does no damage.
Unknown command.
You barely miss the gnoll.
The jackal bites you but does no damage.
The gnoll hits you but does no damage. The gnoll sergeant misses you.
The jackal closely misses you. The gnoll hits you but does no damage.
The gnoll barely misses you. The gnoll sergeant barely misses you.
You bludgeon the gnoll!!
You kill the gnoll!
Cheibriados thoroughly appreciates the change of pace.
Cheibriados raises the support of your attributes as your movement slows.
The jackal misses you. The jackal barely misses you.
The gnoll barely misses you. The gnoll hits you but does no damage.
The gnoll sergeant barely misses you. The gnoll closely misses you.
The jackal closely misses you. The gnoll hits you.
You hit the gnoll. Your bite misses the gnoll.
The gnoll is moderately wounded.
The jackal bites you but does no damage.
The gnoll sergeant hits you from afar with a +3 vorpal spear!
* * * LOW HITPOINT WARNING * * *
The gnoll hits you but does no damage. The gnoll barely misses you. x2
The jackal closely misses you. The gnoll sergeant closely misses you.
You barely miss the gnoll.
The gnoll is moderately wounded.
The jackal bites you but does no damage.
The gnoll closely misses you. x3; The gnoll sergeant closely misses you.
The jackal barely misses you. The gnoll barely misses you. The gnoll hits you.
* * * LOW HITPOINT WARNING * * *
Unknown command.
You bludgeon the gnoll!!
You kill the gnoll!
Cheibriados appreciates the change of pace.
The jackal closely misses you. The gnoll misses you.
The gnoll sergeant hits you from afar with a +3 vorpal spear!
You die...

... ... ∆ . ≈≈
∆ #### ..≈ ≈
#[(# ...≈ ≈..
#.(# ....≈
.....#h@#...g..
#.!.gg)g.#
##......##
+(.....+
+......+
#......#
........
...#++#... ...#
#...


You could see a gnoll sergeant, 2 gnolls and a jackal.

Vanquished Creatures
  A necrophage (D:3)
  2 ogres
  A wolf (D:6)
  A phantom (D:5)
  A kobold brigand (Sewer)
  A gnoll sergeant (D:6)
  A centaur zombie (D:5)
  A jelly (D:4)
  An orc priest (D:4)
  2 hounds (D:6)
  An orc wizard (D:4)
  Natasha (twice) (D:4)
  9 gnolls (D:6)
  8 adders
  6 river rats (Sewer)
  2 worms
  5 dart slugs
  6 orcs
  3 bats
  9 endoplasms
  7 giant cockroaches
  3 hobgoblins
  2 jackals (D:6)
  4 quokkas
  12 ball pythons
  5 frilled lizards
  7 goblins
  17 kobolds
  9 rats
129 creatures vanquished.

Vanquished Creatures (collateral kills)
  10 rats (Sewer)
10 creatures vanquished.

Vanquished Creatures (others)
  An ogre (D:4)
  Natasha (D:4)
2 creatures vanquished.

Grand Total: 141 creatures vanquished

Notes
Turn   | Place    | Note
-------+----------+-------------------------------------------
     0 | D:1      | Rennog the Gnoll Wanderer began the quest for the Orb.
     0 | D:1      | Rennog set off with the following items: a +2 dagger, a
                  | scroll of blinking, a +0 robe; and the following spells
                  | available to memorise: Sting, Apportation, Spider Form,
                  | Teleport Other
     0 | D:1      | Reached XP level 1. HP: 13/13 MP: 4/4
     2 | D:1      | Learned a level 1 spell: Sting
   359 | D:1      | Reached XP level 2. HP: 20/20 MP: 3/5
   944 | D:1      | Found Soerr's Weapon Boutique.
  1024 | D:1      | Found a faded altar of an unknown god.
  1041 | D:1      | Prayed at the altar of an unknown god.
  1041 | D:1      | Became a worshipper of Xom of Chaos
  1103 | D:1      | XOM: give mutations
  1103 | D:1      | Gained mutation: You are frail. (-10% HP) [Xom's mischief]
  1103 | D:1      | Gained mutation: You are very frail. (-20% HP) [Xom's
                  | mischief]
  1103 | D:1      | Gained mutation: Your muscles are strong. (Str +2) [Xom's
                  | mischief]
  1103 | D:1      | Gained mutation: You sometimes lose the ability to read
                  | scrolls when taking damage. [Xom's mischief]
  1395 | D:1      | Reached XP level 3. HP: 20/20 MP: 2/7
  1615 | D:2      | XOM: god gift: 2 scrolls labelled CUT HESEGI {god gift}
  1802 | D:2      | Reached skill level 1 in Invocations
  2146 | D:2      | Reached skill level 1 in Fighting
  2146 | D:2      | Reached skill level 1 in Short Blades
  2146 | D:2      | Reached skill level 1 in Long Blades
  2146 | D:2      | Reached skill level 1 in Axes
  2146 | D:2      | Reached skill level 1 in Maces & Flails
  2146 | D:2      | Reached skill level 1 in Polearms
  2146 | D:2      | Reached skill level 1 in Staves
  2146 | D:2      | Reached skill level 1 in Slings
  2146 | D:2      | Reached skill level 1 in Bows
  2146 | D:2      | Reached skill level 1 in Crossbows
  2146 | D:2      | Reached skill level 1 in Throwing
  2146 | D:2      | Reached skill level 1 in Dodging
  2146 | D:2      | Reached skill level 1 in Shields
  2146 | D:2      | Reached skill level 1 in Unarmed Combat
  2146 | D:2      | Reached skill level 1 in Evocations
  2403 | D:2      | Learned a level 1 spell: Slow
  2543 | D:3      | Reached XP level 4. HP: 7/25 MP: 3/8
  2809 | D:3      | Found Zeziem's Antique Weapon Shoppe.
  2874 | D:3      | XOM: cloud trail
  2973 | D:3      | XOM: god gift: whip {god gift}
  3070 | D:3      | XOM: 3-stop teleportation journey
  3388 | D:3      | XOM: 1-stop teleportation journey
  3448 | D:3      | XOM: swap monsters
  3449 | D:3      | Reached skill level 1 in Conjurations
  3449 | D:3      | Reached skill level 1 in Summonings
  3449 | D:3      | Reached skill level 1 in Necromancy
  3449 | D:3      | Reached skill level 1 in Translocations
  3449 | D:3      | Reached skill level 1 in Fire Magic
  3449 | D:3      | Reached skill level 1 in Ice Magic
  3449 | D:3      | Reached skill level 1 in Air Magic
  3449 | D:3      | Reached skill level 1 in Earth Magic
  3449 | D:3      | Reached skill level 1 in Poison Magic
  3603 | D:3      | XOM: scenery: create altars
  3751 | D:4      | XOM: enchant monster (good)
  3765 | D:4      | Reached XP level 5. HP: 2/29 MP: 3/9
  3765 | D:4      | XOM: 1-stop teleportation journey
  4157 | D:4      | Noticed an ogre
  4165 | D:4      | Xom revived you
  4185 | D:4      | Noticed a necrophage
  4192 | D:4      | XOM: confuse monster(s)
  4323 | D:3      | XOM: cloud trail
  4473 | D:4      | Identified the +10 plate armour of Veescho {Rampage rCorr
                  | Str-3}
  4528 | D:4      | Noticed Natasha
  4608 | D:4      | Killed Natasha
  4651 | D:5      | Entered Level 5 of the Dungeon
  4660 | D:5      | XOM: god gift: 1161 gold pieces
  4704 | D:3      | Bought a slimy great mace for 356 gold pieces
  4704 | D:3      | Identified the +5 great mace "Grim Tooth" {protect, rF-
                  | Int+2 Dex+7} (You bought it in a shop on level 3 of the
                  | Dungeon)
  4801 | D:3      | XOM: noise
  4958 | D:5      | Noticed an ogre
  4958 | D:5      | XOM: enchant monster (bad)
  5000 | D:4      | Found a staircase to the Ecumenical Temple.
  5009 | Temple   | Entered the Ecumenical Temple
  5126 | Temple   | Fell from the grace of Xom
  5126 | Temple   | Became a worshipper of Cheibriados the Contemplative
  5199 | D:4      | Noticed Natasha
  5208 | D:4      | Killed Natasha
  5220 | D:4      | Noticed Sigmund
  5224 | D:4      | Noticed Natasha
  5231 | D:3      | Killed a necrophage
  5232 | D:3      | Reached XP level 6. HP: 26/35 MP: 9/11
  6216 | D:5      | Reached skill level 7 in Armour
  6216 | D:5      | Reached XP level 7. HP: 27/40 MP: 10/12
  6380 | D:5      | Noticed a wraith
  6424 | D:4      | Killed Natasha
  6585 | D:6      | Reached * piety under Cheibriados
  6586 | D:6      | Reached skill level 5 in Stealth
  6614 | D:6      | Found a glowing drain.
  6693 | D:6      | XOM: draining
  6695 | Sewer    | Entered a sewer
  7011 | Sewer    | Reached ** piety under Cheibriados
  7015 | Sewer    | HP: 2/40 [river rat (4)]
  7019 | Sewer    | XOM: summons 5 friendly demons
  7020 | Sewer    | Reached XP level 8. HP: 18/45 MP: 14/14
  7316 | Sewer    | Reached *** piety under Cheibriados
  7661 | D:6      | XOM: 1-stop teleportation journey
  7693 | D:6      | Slain by a gnoll sergeant

Illustrated notes

Levels and vault maps discovered:
D:1:      minmay_arrival_radiant_lines, layout_basic,
          hellmonk_ecumenical_altar_arch_garden, serial_shops,
          nicolae_shop_bloodbath_and_beyond
D:2:      layout_basic
D:3:      layout_loops_ring, serial_shops, nicolae_shop_hallway_stairs
D:4:      layout_loops_ring, lemuel_temple_firewalk_a, uniq_sigmund,
          uniq_natasha
D:5:      layout_basic
D:6:      layout_cave_pools, nicolae_tso_carved_into_rock,
          cheibrodos_sewer_entry_bend, serial_gnoll_camp, gnoll_camp_huts_moat,
          gnoll_camp_mini_house, gnoll_camp_mini_hut, gnoll_camp_mini_house,
          gnoll_camp_mini_doghouse, gnoll_camp_mini_shop, dk_vineyard_3,
          minmay_liquid_box
Temple:   roderic_octagonal_lattice_temple

Skill      XL: |  1  2  3  4  5  6  7  8 |
---------------+-------------------------+-----
Invocations    | 1 2 3 |  3.5
Fighting       | 1 2 3 |  3.1
Short Blades   | 1 2 3 |  3.1
Long Blades    | 1 2 3 |  3.1
Axes           | 1 2 3 |  3.1
Maces & Flails | 1 2 3 |  3.1
Polearms       | 1 2 3 |  3.1
Staves         | 1 2 3 |  3.1
Slings         | 1 2 3 |  3.1
Bows           | 1 2 3 |  3.1
Crossbows      | 1 2 3 |  3.1
Throwing       | 1 2 3 |  3.1
Dodging        | 1 2 3 |  3.1
Shields        | 1 2 3 |  3.1
Unarmed Combat | 1 2 3 |  3.1
Evocations     | 1 2 3 |  3.1
Spellcasting   | 3 4 |  4.3
Conjurations   | 1 2 |  2.5
Summonings     | 1 2 |  2.5
Necromancy     | 1 2 |  2.5
Translocations | 1 2 |  2.5
Fire Magic     | 1 2 |  2.5
Ice Magic      | 1 2 |  2.5
Air Magic      | 1 2 |  2.5
Earth Magic    | 1 2 |  2.5
Poison Magic   | 1 2 |  2.5
Hexes          | 4 |  4.6
Transmutations | 4 |  4.6
Armour         | 7 |  7.3
Stealth        | 5 |  5.3

Action                   |  1- 3 |  4- 6 |  7- 9 || total
-------------------------+-------+-------+-------++-------
Melee: Dagger            |    15 |       |       ||    15
       Staff             |    11 |    64 |       ||    75
       Bite              |       |    10 |    12 ||    22
       Great mace        |       |    56 |   121 ||   177
 Cast: Sting             |    68 |    18 |     4 ||    90
       Slow              |       |     1 |       ||     1
  Use: Potion            |       |       |     5 ||     5
 Stab: Sleeping          |     1 |     3 |     4 ||     8
       Paralysed         |       |     1 |       ||     1
Armor: Robe              |     7 |    67 |   141 ||   215
       Plate armour      |       |       |     1 ||     1
Dodge: Dodged            |    25 |    90 |   282 ||   397

Table legend: (Time is in decaauts)
 A = Elapsed time spent in this place.
 B = Non-inter-level travel time spent in this place.
 C = Inter-level travel time spent in this place.
 D = Time resting spent in this place.
 E = Time spent auto-exploring this place.
 F = Levels seen in this place.
 G = Mean time per level.
                   A        B        C        D        E       F      G
               +--------+--------+--------+--------+--------+-----+--------+
         Total |   8307 |   7772 |    535 |    737 |   5740 |   8 | 1038.4 |
       Dungeon |   6935 |   6434 |    501 |    737 |   4698 |   6 | 1155.8 |
        Temple |    135 |    102 |     33 |      0 |     92 |   1 |  135.0 |
         Sewer |   1236 |   1236 |      0 |      0 |    950 |   1 | 1236.0 |
               +--------+--------+--------+--------+--------+-----+--------+

Top non-repeatable levels by time:
     D:3: 1900 daAuts
     D:4: 1685 daAuts
     D:1: 1406 daAuts
   Sewer: 1236 daAuts
     D:2: 1011 daAuts
     D:5: 655 daAuts
     D:6: 276 daAuts
  Temple: 135 daAuts
